 Dungeon Crawl Stone Soup version 0.21-a0-29-g43b3074 (webtiles) character file.

1393 grindst0ne the Blocker (level 9, -1/71 HPs)
             Began as a Formicid Fighter on May 26, 2017.
             Was an Initiate of Makhleb.
             Slain by an orc warrior
             ... wielding a cursed +0 trident
              (17 damage)
             ... on level 6 of the Dungeon.
             The game lasted 00:11:48 (6551 turns).

grindst0ne the Blocker (Formicid Fighter)           Turns: 6551, Time: 00:11:48

Health: -1/71      AC: 13    Str: 21    XL:     9   Next: 0%
Magic:  9/9        EV: 11    Int:  8    God:    Makhleb [......]
Gold:   254        SH:  0    Dex: 13    Spells: 8/8 levels left

rFire    . . .     SeeInvis +   C - +1 war axe (chop)
rCold    . . .     Gourm    .   c - +1 shield
rNeg     . . .     Faith    .   x - +0 plate armour {rPois}
rPois    +         Spirit   .   (helmet unavailable)
rElec    .         Reflect  .   (no cloak)
rCorr    +         Harm     .   q - +0 pair of gloves
MR       .....                  (no boots)
Stlth    ..........             (no amulet)
Regen    0.3/turn               u - +5 ring of evasion
MPRegen  0.2/turn               g - ring of resist corrosion

@: confused
A: permanent stasis, dig shafts and tunnels, four strong arms, antennae 3
a: Dig, Shaft Self, Renounce Religion


You were on level 6 of the Dungeon.
You worshipped Makhleb.
Makhleb was noncommittal.
You were not hungry.

You visited 2 branches of the dungeon, and saw 7 of its levels.

You collected 254 gold pieces.

Inventory:

Hand Weapons
 a - a +0 war axe
 r - a +0 blowgun
 C - a +1 war axe of chopping (weapon)
Missiles
 s - 42 poisoned needles
 y - 2 throwing nets (quivered)
Armour
 b - a +0 scale mail
 c - a +1 shield (worn)
 p - a +0 scale mail
 q - a +0 pair of gloves (worn)
 w - a +0 plate armour
 x - a +0 plate armour of poison resistance (worn)
Jewellery
 g - a ring of resist corrosion (right hand)
 k - an uncursed ring of protection from magic
 u - a +5 ring of evasion (left hand)
 v - an uncursed ring of fire
 A - an uncursed ring of see invisible {unknown}
Scrolls
 h - 3 scrolls of remove curse
 i - 3 scrolls of teleportation
 o - a scroll of identify
 D - a scroll of enchant armour
Potions
 d - a potion of might
 e - a potion of invisibility
 l - a potion of cancellation {unknown}
 m - 5 potions of resistance
 n - a potion of berserk rage {unknown}
 t - a potion of heal wounds {unknown}
Comestibles
 f - 3 bread rations
 z - 3 chunks of flesh
 B - a meat ration


   Skills:
 + Level 6.7 Fighting
 + Level 5.2 Axes
 * Level 4.5 Armour
 - Level 9.0 Shields


You had 8 spell levels left.
You didn't know any spells.

Dungeon Overview and Level Annotations

Branches:
Dungeon (6/15)             Temple (1/1) D:5

Altars:
Dithmenos
Elyvilon
Fedhas
Gozag
Hepliaklqana
Kikubaaqudgha
Makhleb
Nemelex Xobeh
Qazlal
Ru
Sif Muna
Trog
Uskayaw
Vehumet
Wu Jian
Xom
Zin


Innate Abilities, Weirdness & Mutations

You cannot be hasted, slowed, berserked, paralysed or teleported.
You can dig through walls and to a lower floor.
Your four strong arms can wield two-handed weapons with a shield.
You have a pair of large antennae on your head. (SInv)


Message History

* * * LOW HITPOINT WARNING * * *
You block the orc warrior's attack.
You are confused.
You feel invigorated. The orc warrior closely misses you.
You bump into the rock wall.
You closely miss the orc warrior.
The orc warrior is moderately wounded.
The orc warrior hits you with a trident.
* * * LOW HITPOINT WARNING * * *
The orc warrior barely misses you.
You bump into the rock wall.
You're too confused!
You bump into the rock wall.
The orc warrior barely misses you.
You're too confused!
You miss the orc warrior.
The orc warrior is moderately wounded.
The orc warrior hits you with a trident!
* * * LOW HITPOINT WARNING * * *
The orc warrior hits you with a trident!
You die...

########## #......<.#
#........# #......[.#
#........#
#........####
#...>....##@# #####..
#........#o####)z.z...
###......##{{.).#
#..._..#..#####
##.......###
#.........#
##.#..###.# .. #...##
#.# ....#####.##
#.#####


You could see an orc warrior.

Vanquished Creatures
  The ghost of grindst0ne the Shield-Bearer, a novice FoFi of Trog (D:5)
  An ice beast (D:5)
  An ogre (D:5)
  A bullfrog (D:6)
  2 scorpions (D:4)
  3 wights (D:6)
  2 howler monkeys
  3 orc priests (D:5)
  2 hounds
  2 worker ants (D:4)
  4 orc wizards
  A hound zombie (D:4)
  A howler monkey zombie (D:6)
  4 gnolls (D:5)
  8 adders
  An ooze (D:4)
  2 worms
  A dart slug (D:1)
  A leopard gecko (D:1)
  20 orcs
  6 bats
  6 giant cockroaches
  8 goblins
  10 hobgoblins
  6 jackals
  5 quokkas
  2 frilled lizards
  8 kobolds
  10 rats
122 creatures vanquished.

Notes
Turn   | Place    | Note
-------+----------+-------------------------------------------
     0 | D:1      | grindst0ne the Formicid Fighter began the quest for the Orb.
     0 | D:1      | Reached XP level 1. HP: 18/18 MP: 1/1
   146 | D:1      | Reached skill level 4 in Shields
   146 | D:1      | Reached XP level 2. HP: 21/24 MP: 2/2
   643 | D:1      | Reached XP level 3. HP: 30/30 MP: 3/3
  1221 | D:2      | Reached XP level 4. HP: 31/37 MP: 4/4
  1414 | D:2      | Found a radiant altar of Vehumet.
  1427 | D:2      | Reached skill level 5 in Shields
  1776 | D:2      | Reached XP level 5. HP: 20/42 MP: 5/5
  1993 | D:2      | Found a bloodstained altar of Trog.
  2445 | D:3      | Found a faded altar of an unknown god.
  2697 | D:4      | Reached skill level 6 in Shields
  2697 | D:4      | Reached XP level 6. HP: 26/49 MP: 6/6
  3630 | D:4      | Reached skill level 5 in Fighting
  3638 | D:4      | Reached XP level 7. HP: 32/56 MP: 7/7
  4082 | D:5      | Entered Level 5 of the Dungeon
  4130 | D:5      | Reached skill level 7 in Shields
  4548 | D:5      | Noticed grindst0ne's ghost (novice FoFi)
  4983 | D:5      | Killed grindst0ne's ghost
  4983 | D:5      | Reached skill level 8 in Shields
  4983 | D:5      | Reached XP level 8. HP: 13/64 MP: 8/8
  5243 | D:5      | Found a glowing silver altar of Zin.
  5496 | D:5      | Found a staircase to the Ecumenical Temple.
  5548 | Temple   | Entered the Ecumenical Temple
  5684 | Temple   | Became a worshipper of Makhleb the Destroyer
  6111 | D:5      | Reached skill level 9 in Shields
  6418 | D:6      | Found a sacrificial altar of Ru.
  6496 | D:6      | Reached skill level 5 in Axes
  6526 | D:6      | Reached XP level 9. HP: 66/71 MP: 9/9
  6551 | D:6      | Slain by an orc warrior

Vault maps used:
D:1:      scummos_arrival_gate
D:2:      marbit_many_paths, lemuel_tele_altar
D:3:      chequers_ecumenical_altar_island, minmay_misc_feat_four_crosses
D:4:      first_bread
D:5:      old_standard_altar, temple_pool_b, kennysheep_small_spiral,
          minmay_crystal_room
D:6:      basic_altar, serial_shops, shop, shop, kennysheep_little_box, shop,
          shop_statue
Temple:   eino_narrow_crystal_temple

Skill      XL: |  1  2  3  4  5  6  7  8 |
---------------+-------------------------+-----
Shields        | 4 5 6 8 9 |  9.0
Fighting       | 4 5 6 |  6.7
Axes           | 3 4 5 |  5.2
Armour         | 4 |  4.5

Action                   |  1- 3 |  4- 6 |  7- 9 || total
-------------------------+-------+-------+-------++-------
Melee: War axe           |    89 |   164 |   228 ||   481
 Abil: Dig               |       |     1 |     3 ||     4
  Use: Scroll            |     2 |     7 |     3 ||    12
       Potion            |       |       |     2 ||     2
  Eat: Chunk             |     1 |     6 |     3 ||    10
       Bread ration      |       |     1 |     1 ||     2
Armor: Scale mail        |    38 |    76 |    18 ||   132
       Plate armour      |       |       |    35 ||    35
Dodge: Dodged            |    31 |    61 |    59 ||   151
Block: Shield            |    59 |   104 |   124 ||   287
